 Dungeon Crawl Stone Soup version 0.21.1-1-g345015f (webtiles) character file.

46 tidbits the Grave Robber (level 3, -2/25 HPs)
             Began as a Gnoll Necromancer on June 20, 2018.
             Slain by an orc
             ... wielding a +0 hand axe
              (5 damage)
             ... on level 4 of the Dungeon.
             The game lasted 00:04:13 (496 turns).

tidbits the Grave Robber (Gnoll Necromancer)         Turns: 496, Time: 00:04:14

Health: -2/25      AC:  2    Str: 10    XL:     3   Next: 68%
Magic:  0/9        EV: 14    Int: 18    God:
Gold:   109        SH:  0    Dex: 15    Spells: 7/12 levels left

rFire    . . .     SeeInvis .   a - +0 dagger
rCold    . . .     Gourm    .   (no shield)
rNeg     . . .     Faith    .   B - +0 robe (curse)
rPois    .         Spirit   .   (no helmet)
rElec    .         Reflect  .   (no cloak)
rCorr    .         Harm     .   (no gloves)
MR       .....                  (no boots)
Stlth    +++.......             (no amulet)
HPRegen  1.08/turn              (no ring)
MPRegen  0.11/turn              (no ring)

@: regenerating (expiring)
A: distributed training, fangs 1, strong nose
a: no special abilities


You were on level 4 of the Dungeon.
You were not hungry.

You visited 1 branch of the dungeon, and saw 4 of its levels.

You collected 109 gold pieces.

Inventory:

Hand Weapons
 a - a +0 dagger (weapon)
 f - a -2 dagger
 h - a +0 whip
 j - a +0 hunting sling
 m - a +0 short sword
Missiles
 d - 20 stones
 p - 4 javelins of penetration (quivered)
 s - 23 arrows
Armour
 g - a +0 robe
 B - a cursed +0 robe (worn)
Wands
 o - a wand of clouds (5)
Scrolls
 i - a scroll of enchant armour {unknown}
 n - a scroll of remove curse
Potions
 k - a potion of invisibility {unknown}
 q - a potion of degeneration {unknown}
 r - a potion of cancellation {unknown}
Books
 b - a book of Necromancy

   Spells                             Type                      Level
   a - Pain                           Necromancy                   1
   b - Animate Skeleton               Necromancy                   1
   c - Vampiric Draining              Necromancy                   3
   d - Regeneration                   Charms/Necromancy            3
   e - Animate Dead                   Necromancy                   4
   f - Borgnjor's Vile Clutch         Necromancy/Earth             5
Comestibles
 c - 8 rations


   Skills:
 + Level 0.9 Fighting
 + Level 0.9 Short Blades
 + Level 0.9 Long Blades
 + Level 0.9 Axes
 + Level 0.9 Maces & Flails
 + Level 0.9 Polearms
 + Level 0.9 Staves
 + Level 0.9 Slings
 + Level 0.9 Bows
 + Level 0.9 Crossbows
 + Level 0.9 Throwing
 + Level 0.9 Armour
 + Level 4.5 Dodging
 + Level 4.2 Stealth
 + Level 0.9 Shields
 + Level 0.9 Unarmed Combat
 + Level 5.0 Spellcasting
 + Level 0.6 Conjurations
 + Level 0.6 Hexes
 + Level 0.6 Charms
 + Level 0.6 Summonings
 + Level 7.1 Necromancy
 + Level 0.6 Translocations
 + Level 0.6 Transmutations
 + Level 0.6 Fire Magic
 + Level 0.6 Ice Magic
 + Level 0.6 Air Magic
 + Level 0.6 Earth Magic
 + Level 0.6 Poison Magic
 + Level 1.0 Invocations
 + Level 0.9 Evocations


You had 7 spell levels left.
You knew the following spells:

 Your Spells              Type           Power        Failure   Level  Hunger
a - Pain                  Necr           ####         1%          1    None
n - Animate Skeleton      Necr           N/A          1%          1    None
r - Regeneration          Chrm/Necr      ###.......   9%          3    ##.....


Dungeon Overview and Level Annotations

Branches:
Dungeon (4/15)
 Temple: D:4-7

Altars:
Fedhas
Makhleb
Wu Jian


Innate Abilities, Weirdness & Mutations

Your experience applies equally to all skills.
You have very sharp teeth.
Your uncanny sense of smell can sniff out nearby items.


Message History

Press: ? - help, Shift-Dir - straight line, f/p - orc
Aim: an orc, wielding a hand axe and wearing a leather armour (lightly wounded, chance to defeat MR: 93%)
The orc writhes in agony!
The orc barely misses you.
Casting: Pain
Confirm with . or Enter, or press ? or * to list all spells.
Aiming: Pain
Press: ? - help, Shift-Dir - straight line, f/p - orc
Aim: an orc, wielding a hand axe and wearing a leather armour (almost dead, chance to defeat MR: 93%)
The orc writhes in agony!
You kill the orc!
The orc shouts!
Items here: ( )) [ ††
p - 3 javelins of penetration (gained 1)
You see here a javelin of penetration.
p - 4 javelins of penetration (gained 1)
A black bear comes into view.
The leopard gecko hisses angrily.
You see here a dagger.
Okay, then.
Memorise Regeneration, consuming 3 spell levels and leaving 7?
You start memorising the spell.
You continue memorising. x3
The leopard gecko misses you.
You finish memorising.
Spell assigned to 'r'.
Casting: Pain
Confirm with . or Enter, or press ? or * to list all spells.
Your skin crawls.
The leopard gecko bites you. x2
* * * LOW HITPOINT WARNING * * *
It was a potion of heal wounds.
You feel much better. The leopard gecko closely misses you.
The orc closely misses you.
Casting: Regeneration
Confirm with . or Enter, or press ? or * to list all spells.
Aiming: Pain
Press: ? - help, Shift-Dir - straight line, f - black bear
Aim: a black bear (chance to defeat MR: 84%)
The black bear writhes in agony!
The black bear closely misses you.
The black bear claws you but does no damage.
The black bear barely misses you. The leopard gecko closely misses you.
Casting: Pain
Confirm with . or Enter, or press ? or * to list all spells.
Aiming: Pain
Press: ? - help, Shift-Dir - straight line, f/p - black bear
Aim: a black bear (lightly wounded, chance to defeat MR: 84%)
The black bear writhes in agony!
The black bear closely misses you. The black bear claws you.
The black bear barely misses you. The orc hits you with a hand axe.
The leopard gecko closely misses you.
Casting: Pain
Confirm with . or Enter, or press ? or * to list all spells.
Aiming: Pain
Press: ? - help, Shift-Dir - straight line, f/p - black bear
Aim: a black bear (heavily wounded, chance to defeat MR: 84%)
The black bear writhes in agony!
The black bear bites you. The black bear misses you. The black bear claws you.
The leopard gecko bites you.
* * * LOW HITPOINT WARNING * * *
The orc hits you but does no damage.
Casting: Pain
Confirm with . or Enter, or press ? or * to list all spells.
Aiming: Pain
Press: ? - help, Shift-Dir - straight line, f/p - black bear
Aim: a black bear (severely wounded, chance to defeat MR: 84%)
The black bear writhes in agony!
The leopard gecko barely misses you.
The black bear bites you but does no damage.
The black bear barely misses you. The black bear claws you.
* * * LOW HITPOINT WARNING * * *
The orc hits you with a hand axe!
* * * LOW HITPOINT WARNING * * *
The leopard gecko misses you.
You feel much better. The black bear barely misses you.
The black bear claws you. The black bear closely misses you.
The orc closely misses you. The leopard gecko barely misses you.
Unknown command.
Casting: Pain
Confirm with . or Enter, or press ? or * to list all spells.
Aiming: Pain
Press: ? - help, Shift-Dir - straight line, f/p - black bear
Aim: a black bear (severely wounded, chance to defeat MR: 84%)
The black bear writhes in agony!
Your skin is crawling a little less now.
The black bear closely misses you.
The black bear claws you but does no damage.
The black bear claws you. The leopard gecko bites you.
The orc hits you with a hand axe.
Casting: Pain
Confirm with . or Enter, or press ? or * to list all spells.
Aiming: Pain
Press: ? - help, Shift-Dir - straight line, f/p - black bear
Aim: a black bear (severely wounded, chance to defeat MR: 84%)
The black bear writhes in agony!
The black bear bites you. The black bear closely misses you.
The black bear misses you.
The leopard gecko completely misses you.
The orc hits you with a hand axe!
* * * LOW HITPOINT WARNING * * *
It was a potion of curing.
You feel better. The black bear bites you.
* * * LOW HITPOINT WARNING * * *
The black bear barely misses you. The black bear claws you.
* * * LOW HITPOINT WARNING * * *
The leopard gecko bites you.
* * * LOW HITPOINT WARNING * * *
The orc hits you with a hand axe.
You die...

.##... ####.#... ∆
#......## #######..
#######.......#
##........
.l.....<......# <...#
#######.......# ###.#
##.>.(...# #
.#############l(.######
. ..o.......).o@h### .
.o..############ ..
.... .. ....# .o....o#


You could see a black bear, an orc and a leopard gecko.

Vanquished Creatures
  2 adders (D:3)
  A worm (D:3)
  2 leopard geckos
  4 orcs (D:4)
  A ball python (D:4)
  2 hobgoblins (D:2)
  3 frilled lizards
  2 goblins
  3 kobolds (D:1)
  3 rats
23 creatures vanquished.

Notes
Turn   | Place    | Note
-------+----------+-------------------------------------------
     0 | D:1      | tidbits the Gnoll Necromancer began the quest for the Orb.
     0 | D:1      | Reached XP level 1. HP: 13/13 MP: 6/6
   170 | D:2      | Reached XP level 2. HP: 12/19 MP: 4/7
   173 | D:2      | Learned a level 1 spell: Animate Skeleton
   183 | D:2      | Found a blossoming altar of Fedhas.
   276 | D:2      | Found an ornate altar of the Wu Jian Council.
   315 | D:3      | Found a burning altar of Makhleb.
   355 | D:3      | Reached XP level 3. HP: 16/25 MP: 2/9
   358 | D:3      | Reached skill level 5 in Spellcasting
   472 | D:4      | Reached skill level 1 in Invocations
   482 | D:4      | Noticed a black bear
   487 | D:4      | Learned a level 3 spell: Regeneration
   492 | D:4      | HP: 1/25 [orc/hand axe (8)]
   496 | D:4      | Slain by an orc

Skill      XL: |  1  2  3 |
---------------+----------+-----
Spellcasting   | 5 |  5.0
Invocations    | 1 |  1.0
Fighting       | |  0.9
Short Blades   | |  0.9
Long Blades    | |  0.9
Axes           | |  0.9
Maces & Flails | |  0.9
Polearms       | |  0.9
Staves         | |  0.9
Slings         | |  0.9
Bows           | |  0.9
Crossbows      | |  0.9
Throwing       | |  0.9
Armour         | |  0.9
Dodging        | |  4.5
Stealth        | |  4.2
Shields        | |  0.9
Unarmed Combat | |  0.9
Conjurations   | |  0.6
Hexes          | |  0.6
Charms         | |  0.6
Summonings     | |  0.6
Necromancy     | |  7.1
Translocations | |  0.6
Transmutations | |  0.6
Fire Magic     | |  0.6
Ice Magic      | |  0.6
Air Magic      | |  0.6
Earth Magic    | |  0.6
Poison Magic   | |  0.6
Evocations     | |  0.9

Action                   || total
-------------------------++-------
Melee: Dagger            ||     2
Throw: Javelin           ||     5
 Cast: Pain              ||    35
       Regeneration      ||     1
  Use: Scroll            ||     1
       Potion            ||     3
 Stab: Sleeping          ||     2
Armor: Robe              ||     4
Dodge: Dodged            ||    30

Table legend:
 A = Turns spent in this place as a percentage of turns spent in the entire game.
 B = Non-inter-level travel turns spent in this place as a percentage of non-inter-level travel turns spent in the entire game.
 C = Inter-level travel turns spent in this place as a percentage of turns spent in this place.
 D = Turns resting spent in this place as a percentage of non-inter-level travel turns spent in this place.
 E = Turns spent auto-exploring this place as a percentage of non-inter-level travel turns spent in this place.
 F = Non-inter-level travel turns spent in this place divided by the number of levels of this place that you've seen.
                   A       B       C       D       E      F
               +-------+-------+-------+-------+-------+----------------------
         Total | 100.0 | 100.0 |   0.0 |   0.0 |   0.0 | 124.0
       Dungeon | 100.0 | 100.0 |   0.0 |   0.0 |   0.0 | 124.0
               +-------+-------+-------+-------+-------+----------------------

Table legend:
 A = Kills in this place as a percentage of kills in entire the game.
 B = Kills by you in this place as a percentage of kills by you in the entire game.
 C = Kills by friends in this place as a percentage of kills by friends in the entire game.
 D = Other kills in this place as a percentage of other kills in the entire game.
 E = Experience gained in this place as a percentage of experience gained in the entire game.
 F = Experience gained in this place divided by the number of levels of this place that you have seen.
                   A       B       C       D       E      F
               +-------+-------+-------+-------+-------+----------------------
         Total | 100.0 | 100.0 |   N/A |   N/A | 100.0 |  16.8
       Dungeon | 100.0 | 100.0 |   N/A |   N/A | 100.0 |  16.8
               +-------+-------+-------+-------+-------+----------------------

Vault maps used:
D:1:      sevenhm_arrival_forest_fort_large_4
D:2:      overflow_temple_1_default, serial_undead, serial_undead_e,
          serial_undead_c, serial_undead_f, serial_undead_a, serial_undead_a,
          fedhas_altar_3
D:3:      marbit_many_paths, first_ration, bloody_makhleb, uniq_ijyb
D:4:      lemuel_crystal_altar, serial_shops, shop_fountains
